 Dungeon Crawl Stone Soup version 0.23-a0-650-ga4d50d4d25 (webtiles) character file.

65 Morenatsu the Covert (level 3, -2/27 HPs)
             Began as a Vampire Assassin on Jan 3, 2019.
             Slain by Natasha (3 damage)
             ... on level 2 of the Dungeon.
             The game lasted 00:03:37 (1781 turns).

Morenatsu the Covert (Vampire Assassin)             Turns: 1781, Time: 00:03:38

Health: -2/27      AC:  3    Str: 10    XL:     3   Next: 92%
Magic:  3/3        EV: 12    Int: 13    God:
Gold:   87         SH:  0    Dex: 16    Spells: 2/2 levels left

rFire    . . .     SeeInvis +   a - +3 dagger
rCold    . . .     Gourm    .   (no shield)
rNeg     + . .     Faith    .   c - +0 robe
rPois    .         Spirit   .   (no helmet)
rElec    .         Reflect  .   d - +0 cloak
rCorr    .         Harm     .   (no gloves)
MR       .....                  (no boots)
Stlth    ++++......             (no amulet)
HPRegen  0.09/turn              (no ring)
MPRegen  0.08/turn              (no ring)

@: no status effects
A: fangs 3, see invisible, unbreathing
a: Bat Form


You were on level 2 of the Dungeon.
You were not thirsty.

You visited 1 branch of the dungeon, and saw 2 of its levels.

You collected 87 gold pieces.

Inventory:

Hand Weapons
 a - a +3 dagger (weapon)
 b - a +0 blowgun
 o - a +2 short sword of venom
Missiles
 e - 8 poisoned needles
 f - 2 curare-tipped needles
Armour
 c - a +0 robe (worn)
 d - a +0 cloak (worn)
Jewellery
 i - an uncursed ring of flight {unknown}
Scrolls
 j - a scroll of teleportation
 m - a scroll of remove curse
Potions
 g - 3 potions of blood
 h - a potion of heal wounds {unknown}
 k - a potion of might {unknown}
 l - a potion of brilliance {unknown}
 n - a potion of haste
 p - a potion of mutation {unknown}


   Skills:
 - Level 1.7 Fighting
 - Level 2.6 Short Blades
 - Level 1.5 Throwing
 - Level 1.1 Dodging
 + Level 8.1 Stealth


You had 2 spell levels left.
You didn't know any spells.
Your spell library was empty.

Dungeon Overview and Level Annotations

Branches:
Dungeon (2/15)

Altars:

Annotations:
D:2 Natasha


Innate Abilities, Weirdness & Mutations

You have razor-sharp teeth.
You have supernaturally acute eyesight. (SInv)
You can survive without breathing.


Message History

You closely miss Natasha.
Natasha is moderately wounded.
Natasha barely misses you.
You hit Natasha.
Natasha is severely wounded.
Natasha claws you.
You completely miss Natasha.
Natasha is severely wounded.
Natasha claws you. Natasha barely misses you.
You are too injured to fight recklessly!
You are too injured to fight recklessly!
You are too injured to fight recklessly!
You are too injured to fight recklessly!
You are too injured to fight recklessly!
You hit Natasha.
Natasha is almost dead.
Natasha claws you!
* * * LOW HITPOINT WARNING * * *
Natasha claws you.
You die...

....###.###...# .
#.#.# #.# .# . #.#.#
#.# .##
#.#.###.###.....
#.....†#........
#.###.#.###.###.#.##
#...........#
#######.##...##
#.....@......#
#.#####h.......
#.........
#.........#
####...#... %..#
...# .##


You could see Natasha.

Vanquished Creatures
  2 adders (D:2)
  A worm (D:2)
  A dart slug (D:1)
  A ball python (D:1)
  4 giant cockroaches (D:1)
  A goblin (D:1)
  9 hobgoblins
  4 jackals (D:2)
  2 kobolds
  A quokka (D:2)
  6 bats (D:1)
  A frilled lizard (D:1)
  5 rats (D:1)
38 creatures vanquished.

Notes
Turn   | Place    | Note
-------+----------+-------------------------------------------
     0 | D:1      | Morenatsu the Vampire Assassin began the quest for the Orb.
     0 | D:1      | Reached XP level 1. HP: 16/16 MP: 1/1
   197 | D:1      | Reached skill level 6 in Stealth
   216 | D:1      | Reached XP level 2. HP: 19/22 MP: 2/2
   881 | D:1      | Reached skill level 7 in Stealth
   957 | D:1      | Reached XP level 3. HP: 26/27 MP: 3/3
  1638 | D:2      | Reached skill level 8 in Stealth
  1639 | D:2      | Noticed Natasha
  1780 | D:2      | HP: 1/27 [Natasha (10)]
  1781 | D:2      | Slain by Natasha

Vault maps used:
D:1:      nagdon_arrival_double_spiral, chequers_serial_rivers_marsh
D:2:      nicolae_overflow_hidden_temple, uniq_natasha

Skill      XL: |  1  2  3 |
---------------+----------+-----
Stealth        | 6 7 8 |  8.1
Fighting       | |  1.7
Short Blades   | |  2.6
Throwing       | |  1.5
Dodging        | |  1.1

Action                   || total
-------------------------++-------
Melee: Dagger            ||   122
       Bite              ||    12
  Use: Scroll            ||     5
       Potion            ||     2
 Stab: Sleeping          ||     5
  Eat: Corpse            ||     4
Armor: Robe              ||    24
Dodge: Dodged            ||    94

Table legend:
 A = Non-vault XP
 B = Vault XP
 C = Vault XP percentage of total XP
 D = Non-vault monster count
 E = Vault monster count
 F = Vault count percentage of total count
                 A         B        C        D         E       F
            +---------+---------+-------+---------+---------+-------
      Total |      93 |       0 |   0.0 |      38 |       0 |   0.0
            +---------+---------+-------+---------+---------+-------
        D:1 |      45 |       0 |   0.0 |      26 |       0 |   0.0
        D:2 |      48 |       0 |   0.0 |      12 |       0 |   0.0
            +---------+---------+-------+---------+---------+-------
